 Dungeon Crawl Stone Soup version 0.14-b1-15-g43f4bc9 (webtiles) character file.

4462 w1llu the Cleaver (level 10, -2/90 HPs)
             Began as a Hill Orc Fighter on Apr 1, 2014.
             Was an Elder of Trog.
             Slain by Zigabaro's ghost (14 damage)
             ... on Level 8 of the Dungeon on Apr 2, 2014.
             The game lasted 00:42:58 (11176 turns).

w1llu the Cleaver (Hill Orc Fighter)               Turns: 11176, Time: 00:42:58

HP  -2/90        AC  7     Str 27      XL: 10   Next: 29%
MP  10/10        EV  7     Int  8      God: Trog [****..]
Gold 265         SH 22     Dex 11      Spells:  0 memorised,  9 levels left

rFire  . . .     SeeInvis .     a - +0,-1 war axe
rCold  . . .     Clarity  .     b - +0 scale mail
rNeg   . . .     Conserve .     c - +0 shield
rPois  .         rCorr    .     (no helmet)
rElec  .         rRot     .     (no cloak)
SustAb . .       Spirit   .     (no gloves)
rMut   .         Warding  .     (no boots)
Saprov + . .     Stasis   .     (no amulet)
MR     .....                    (no ring)
                                (no ring)

@: mighty, drained, not resistant to hostile enchantments, extremely unstealthy
A: saprovore 1
a: Burn Spellbooks, Berserk, Trog's Hand, Brothers in Arms, Renounce Religion


You were on level 8 of the Dungeon.
You worshipped Trog.
Trog was greatly pleased with you.
You were hungry.

You visited 2 branches of the dungeon, and saw 9 of its levels.

You collected 413 gold pieces.
You spent 148 gold pieces at shops.

Inventory:

Hand weapons
 a - a +0,-1 war axe (weapon)
 d - a +1,+2 dagger of draining
 j - a +2,+0 spear of dragon slaying
Armour
 b - a +0 scale mail (worn)
 c - a +0 shield (worn)
Magical devices
 s - a wand of frost (5)
 u - a wand of slowing (5)
 x - a wand of fire (5)
Comestibles
 B - a bread ration
Scrolls
 e - a scroll of noise
 f - 5 scrolls of remove curse
 h - 2 scrolls of enchant armour
 i - a scroll of enchant weapon II
 k - a scroll of enchant weapon I
 l - a scroll of fog
 n - 3 scrolls of teleportation
 p - 2 scrolls of fear
 t - a scroll of magic mapping {unknown}
 w - 3 scrolls of random uselessness
 A - a scroll of amnesia {unknown}
Jewellery
 v - an uncursed ring of magical power {unknown}
 z - an uncursed ring of sustenance {unknown}
Potions
 g - a potion of flight
 m - 3 potions of restore abilities
 D - a potion of invisibility
Books
 y - the Guide on Nocuous Moulding
   (You found it on level 7 of the Dungeon)

   Spells                             Type                      Level
   Sting                              Conjuration/Poison           1
   Stoneskin                          Transmutation/Earth          2
   Mephitic Cloud                     Conjuration/Poison/Air       3
   Alistair's Intoxication            Transmutation/Poison         4
   Dragon Form                        Transmutation                7
   Trog disapproves of the use of such an item.


   Skills:
 * Level 8.8(7.5) Fighting
 * Level 12.1(10.7) Axes
 + Level 7.4(6.2) Armour
 - Level 1.7(0.7) Dodging
 + Level 7.8(6.6) Shields


You had 9 spell levels left.
You didn't know any spells.

Dungeon Overview and Level Annotations

Branches:
Dungeon (8/15)             Temple (1/1) D:4
   Lair: D:8-11

Altars:
Dithmenos
Kikubaaqudgha
Nemelex Xobeh
Okawaru
Trog
Vehumet
Xom
Zin
The Shining One

Shops:
D:4 !

Annotations:
D:8 Zigabaro's ghost, experienced MiBe


Innate Abilities, Weirdness & Mutations

You can tolerate rotten meat.


Message History

Zigabaro's ghost is moderately damaged.
This wand has 5 charges left.
Zigabaro's ghost wails, "You will never get the ORB!"
Drink which item? (? for menu, Esc to quit)
You feel very mighty all of a sudden. Zigabaro's ghost hits you!
You hit Zigabaro's ghost.
Zigabaro's ghost is heavily damaged.
Zigabaro's ghost hits you!
* * * LOW HITPOINT WARNING * * *
x2 You closely miss Zigabaro's ghost.
Zigabaro's ghost is heavily damaged.
Zigabaro's ghost barely misses you.
You hit Zigabaro's ghost.
Zigabaro's ghost is heavily damaged.
Zigabaro's ghost barely misses you.
You closely miss Zigabaro's ghost.
Zigabaro's ghost is heavily damaged.
Zigabaro's ghost hits you!
You die...

....# #.# #..# #.# ....# #.#
#..# #.# ....# #.# #..# #.#
....# #.# #..# #.# ....# #.#
#..# #.# ....# #.# #..# #.#
....######.# #..#######.#
...........######..........#
................@p.........#
############################


You could see Zigabaro's ghost.

Vanquished Creatures
  Joseph (D:8)
  A two-headed ogre (D:8)
  Eustachio (D:6)
  A hungry ghost (D:7)
  Edmund (D:7)
  5 ice beasts
  A phantom (D:6)
  An orc warrior (D:8)
  2 black bears (D:7)
  3 ogres
  Duvessa (D:5)
  2 gnoll sergeants
  4 big kobolds
  A giant frog (D:8)
  2 scorpions
  3 jellies
  3 wights (D:7)
  A crimson imp (D:8)
  A troll skeleton (D:8)
  Dowan (D:5)
  A giant frog skeleton (D:4)
  2 orc priests
  A gnoll shaman (D:7)
  4 hounds
  6 orc wizards
  A centaur skeleton (D:7)
  An iguana (D:6)
  A worker ant (D:4)
  Jessica (D:2)
  An ogre zombie (D:8)
  2 hound zombies
  2 hound skeletons (D:4)
  9 adders
  28 gnolls
  2 giant mites (D:4)
  3 worms
  An iguana skeleton (D:5)
  5 giant geckos
  2 oozes
  20 orcs
  A ball python (D:4)
  13 bats
  3 giant cockroaches
  43 goblins
  34 hobgoblins
  6 jackals
  19 kobolds
  A quokka (D:5)
  4 giant newts
  A hobgoblin skeleton (D:4)
  An orc skeleton (D:7)
  10 rats
265 creatures vanquished.

Notes
Turn   | Place    | Note
--------------------------------------------------------------
     0 | D:1      | w1llu, the Hill Orc Fighter, began the quest for the Orb.
     0 | D:1      | Reached XP level 1. HP: 19/19 MP: 1/1
     2 | D:1      | Noticed a troll
     2 | D:1      | Noticed a dwarf
     4 | D:1      | Noticed a demigod
     4 | D:1      | Noticed an elf
     6 | D:1      | Noticed a demonspawn
     6 | D:1      | Noticed a spriggan
     8 | D:1      | Noticed a centaur
     8 | D:1      | Noticed an octopode
    10 | D:1      | Noticed a naga
    10 | D:1      | Noticed a gargoyle
    12 | D:1      | Noticed a minotaur
    12 | D:1      | Noticed a vine stalker
    14 | D:1      | Noticed a merfolk
    14 | D:1      | Noticed a felid
    16 | D:1      | Noticed a human
    18 | D:1      | Noticed an ogre
    18 | D:1      | Noticed a formicid
    22 | D:1      | Noticed a tengu
    24 | D:1      | Noticed a vampire
    24 | D:1      | Noticed a draconian
    26 | D:1      | Noticed a ghoul
   131 | D:1      | Reached XP level 2. HP: 24/27 MP: 2/2
   162 | D:1      | Upgraded the game from 0.14-b1-12-g1e0207d to 0.14-b1-15-g43f4bc9
   391 | D:1      | Reached XP level 3. HP: 30/33 MP: 3/3
   507 | D:1      | Reached skill level 4 in Fighting
  1225 | D:2      | Reached XP level 4. HP: 37/40 MP: 4/4
  1285 | D:2      | Noticed Jessica
  1302 | D:2      | Killed Jessica
  1563 | D:3      | Reached skill level 1 in Dodging
  1853 | D:3      | Reached XP level 5. HP: 45/47 MP: 5/5
  2716 | D:4      | Reached XP level 6. HP: 48/53 MP: 6/6
  2763 | D:4      | Found Raesausay's Distillery.
  2768 | D:4      | Got a crude dagger
  2782 | D:4      | Bought a potion of might for 27 gold pieces
  2782 | D:4      | Bought a potion of curing for 22 gold pieces
  2782 | D:4      | Bought a potion of curing for 22 gold pieces
  2782 | D:4      | Bought a potion of heal wounds for 33 gold pieces
  2782 | D:4      | Bought a potion of curing for 22 gold pieces
  2782 | D:4      | Bought a potion of curing for 22 gold pieces
  3263 | D:4      | Reached skill level 5 in Fighting
  3263 | D:4      | Reached skill level 5 in Axes
  3354 | D:4      | Found a staircase to the Ecumenical Temple.
  3942 | Temple   | Entered the Ecumenical Temple
  3956 | Temple   | Became a worshipper of Trog the Wrathful
  4132 | D:4      | Reached XP level 7. HP: 61/61 MP: 7/7
  4426 | D:5      | Entered Level 5 of the Dungeon
  4702 | D:5      | Reached skill level 6 in Axes
  4702 | D:5      | Reached skill level 5 in Shields
  4828 | D:5      | Noticed Duvessa
  4829 | D:5      | Noticed Dowan
  4848 | D:5      | Killed Duvessa
  4848 | D:5      | Reached skill level 5 in Armour
  4860 | D:5      | Killed Dowan
  5627 | D:5      | Acquired Trog's first power
  5723 | D:5      | Reached skill level 7 in Axes
  5723 | D:5      | Reached XP level 8. HP: 55/70 MP: 8/8
  5907 | D:5      | Acquired Trog's second power
  6911 | D:6      | Reached skill level 8 in Axes
  7396 | D:6      | Found a shadowy altar of Dithmenos.
  7790 | D:6      | Noticed Eustachio
  7847 | D:6      | Killed Eustachio
  7847 | D:6      | Reached skill level 9 in Axes
  7847 | D:6      | Reached XP level 9. HP: 78/78 MP: 9/9
  7856 | D:6      | Acquired Trog's third power
  8400 | D:7      | Reached skill level 10 in Axes
  8817 | D:7      | Noticed Edmund
  8837 | D:7      | Killed Edmund
  9316 | D:7      | Identified the Guide on Nocuous Moulding (You found it on level 7 of the Dungeon)
  9565 | D:7      | Reached skill level 11 in Axes
  9816 | D:7      | Found a glowing golden altar of the Shining One.
  9825 | D:7      | Found a shimmering altar of Xom.
  9940 | D:8      | Reached XP level 10. HP: 42/88 MP: 10/10
 10217 | D:8      | Noticed Zigabaro's ghost (experienced MiBe)
 10769 | D:8      | Noticed Joseph
 10787 | D:8      | Killed Joseph
 10787 | D:8      | Reached skill level 12 in Axes
 11176 | D:8      | Slain by Zigabaro's ghost

Action                   |  1- 3 |  4- 6 |  7- 9 | 10-12 || total
-------------------------+-------+-------+-------+-------++-------
Melee: War axe           |   115 |   223 |   558 |    87 ||   983
       Dagger            |       |     1 |       |       ||     1
Invok: Berserk           |       |       |     4 |     1 ||     5
       Burn Spellbooks   |       |       |     1 |       ||     1
Evoke: Wand              |       |       |     1 |     7 ||     8
  Use: Scroll            |     1 |     8 |     3 |     5 ||    17
       Potion            |       |     3 |     4 |     5 ||    12
